AoeStats
← 123Polizei

Yucatan

510364988Analyzed
2v2 RM · 3d ago on Sep 30, 2026· 39m 56s· 4 players
Game mode
Random Map
Map size
Medium (4 player)
Population
200
Speed
Normal
Resources
Standard
Victory
Conquest
Starting age
Dark Age
Ending age
Imperial Age
RankedLock teamsTeams togetherTeam positionsShared explorationLock speedFull tech treeHidden civsTurbo modeCheats
Victory
Defeat
🇩🇪 Persians · Germany
784
+14
🇩🇪 Bengalis · Germany
747
+29
🇹🇷 Huns · Türkiye
763
-35
🇹🇷 Byzantines · Türkiye
735
-32
kopernik
14:33 Feudal Age
14:52 Loom
17:10 Bloodlines
20:35 Castle Age
19:38 Double-Bit Axe
20:27 Bloodlines
24:35 Bow Saw
29:43 Imperial Age
28:36 Marauders
30:09 Forging
30:05 Scale Barding Armor
30:17 Husbandry
32:27 Wheelbarrow
31:38 Town Watch
34:07 Gold Mining
34:07 Stone Mining
34:21 Horse Collar
36:18 Chemistry
37:06 Two-Man Saw
36:09 Heavy Plow
37:55 Iron Casting
BT'Cs
10:31 Feudal Age
12:39 Wheelbarrow
11:48 Horse Collar
11:58 Double-Bit Axe
16:12 Forging
18:11 Gold Mining
19:16 Loom
22:30 Castle Age
20:59 Stone Mining
21:28 Scale Mail Armor
21:39 Scale Barding Armor
24:25 Chain Mail Armor
24:31 Chain Barding Armor
25:11 Heavy Plow
25:38 Bow Saw
27:42 Hand Cart
34:40 Stone Shaft Mining
34:46 Gold Shaft Mining
35:04 Stone Shaft Mining
36:21 Iron Casting
40:24 Imperial Age
captainkolo
10:19 Feudal Age
14:31 Castle Age
12:20 Double-Bit Axe
14:43 Loom
16:04 Bow Saw
16:34 Horse Collar
19:22 Heavy Plow
21:58 Wheelbarrow
23:16 Fervor
25:18 Fletching
25:41 Gold Mining
25:45 Stone Mining
26:53 Hand Cart
26:23 Town Watch
27:59 Gold Shaft Mining
27:37 Masonry
27:48 Ballistics
28:22 Town Patrol
28:42 Husbandry
28:52 Bloodlines
33:01 Imperial Age
31:02 Scale Mail Armor
31:09 Scale Barding Armor
30:28 Light Cavalry
32:20 Chain Barding Armor
31:56 Bodkin Arrow
32:05 Devotion
32:21 Paiks
35:05 Conscription
34:13 Elite Battle Elephant
35:32 Plate Barding Armor
35:08 Forging
34:58 Bracer
36:01 Faith
37:50 Iron Casting
40:00 Blast Furnace
39:41 Architecture
123Polizei
12:12 Feudal Age
16:21 Castle Age
14:25 Double-Bit Axe
17:34 Bow Saw
17:08 Horse Collar
18:49 Heavy Plow
30:01 Wheelbarrow
29:12 Loom
34:43 Imperial Age
32:31 Hand Cart
32:24 Kamandaran
33:44 Crossbowman
34:31 Thumb Ring
35:54 Elite War Elephant
36:51 Forging
40:24 Two-Man Saw
Connection lost

Rejoining the realm…

Still unreachable

The connection could not be restored.

Session expired

The server has moved on; the page needs a fresh start.